Map: Romanticide LE

Players

Clem

  • Race: Terran Terran
  • Spawn Location: 5:00

Solar - Winner!

  • Race: Zerg Zerg
  • Spawn Location: 11:00

Event: IEM Katowice 2021

VOD

Have the link to the VOD?

Description

Time

  • Played on: Feb. 22, 2021, 1:10 p.m.
  • Length: 13:18

All games in this series

Show
View Real Time Build Order
Export as new Build Order

Clem Terran 

Build Orders: Reaper Expand 

Get SALT Encoding   

  12  0:00  SCV  
  13  0:12  SCV  
  14  0:16  Supply Depot  
  14  0:24  SCV  
  15  0:38  SCV  
  15  0:39  Barracks  
  16  0:43  Refinery  
  16  0:50  SCV  
  17  1:02  SCV  
  18  1:14  SCV  
  19  1:26  Reaper, Orbital Command  
  20  1:37  Command Center  
  20  1:47  Supply Depot  
  20  1:52  SCV  
  21  1:58  Marine  
  22  2:04  SCV  
  23  2:11  Factory  
  23  2:16  SCV  
  23  2:20  Barracks Reactor  
  24  2:28  SCV  
  25  2:38  Command Center  
  25  2:40  SCV  
  26  2:51  Orbital Command  
  26  2:53  SCV  
  27  2:58  Barracks  
  27  3:03  Barracks Tech Lab  
  27  3:05  SCV  
  28  3:06  Hellion  
  28  3:09  Hellion  
  32  3:15  Refinery  
  32  3:17  SCV  
  32  3:18  SCV  
  34  3:20  Marine  
  34  3:24  Stimpack  
  35  3:29  SCV  
  35  3:30  SCV  
  37  3:40  Marine  
  38  3:42  SCV  
  38  3:43  SCV  
  38  3:46  Starport  
  40  3:50  Orbital Command  
  40  3:53  Marine x2  
  40  3:54  SCV, Factory Reactor  
  43  3:56  SCV  
  43  4:00  Marine  
  43  4:02  Supply Depot  
  45  4:06  SCV  
  45  4:08  SCV  
  47  4:11  Marine x2  
  47  4:16  SCV  
  50  4:18  SCV  
  50  4:20  SCV  
  50  4:21  Marine  
  53  4:25  Supply Depot  
  53  4:28  SCV  
  53  4:29  Barracks  
  53  4:30  SCV, Marine x2  
  57  4:34  SCV  
  57  4:35  Medivac  
  57  4:36  Refinery  
  57  4:37  Medivac, Factory Tech Lab  
  62  4:39  Marine  
  62  4:42  SCV  
  62  4:44  Orbital Command  
  65  4:46  SCV  
  65  4:47  Marine x2  
  65  4:49  Supply Depot  
  67  4:55  SCV, Engineering Bay x2  
  67  4:57  Marine  
  67  4:58  SCV  
  70  5:03  Refinery  
  70  5:04  Siege Tank  
  70  5:05  Marine x2  
  75  5:07  SCV  
  75  5:11  SCV  
  75  5:12  SCV  
  78  5:15  Supply Depot  
  78  5:19  Marine, Barracks Reactor  
  78  5:20  SCV  
  80  5:21  Terran Infantry Weapons Level 1  
  80  5:23  SCV  
  80  5:28  Supply Depot, Marine  
  82  5:30  Terran Infantry Armor Level 1  
  82  5:31  SCV  
  82  5:33  Supply Depot  
  83  5:37  SCV  
  83  5:38  Marine  
  83  5:39  Barracks, Marine  
  83  5:40  SCV, Barracks  
  87  5:47  Siege Tank  
  87  5:48  SCV  
  91  5:50  SCV  
  91  5:51  Supply Depot  
  91  5:53  Marine  
  91  5:54  SCV  
  91  5:56  Supply Depot, Marine  
  95  5:58  Supply Depot  
  95  6:00  Medivac  
  95  6:01  Marine x2  
  95  6:03  Marine  
  100  6:05  SCV x2  
  100  6:08  Medivac  
  100  6:10  SCV  
  105  6:13  Marine, Supply Depot  
  105  6:16  Marine  
  105  6:18  SCV x2  
  109  6:19  Marine  
  109  6:20  Marine x2, Supply Depot  
  109  6:22  SCV  
  109  6:23  Siege Tank  
  116  6:28  Barracks Reactor x2  
  116  6:31  Supply Depot, Marine  
  116  6:32  SCV  
  118  6:34  Marine  
  118  6:37  Armory  
  118  6:39  Marine x3  
  122  6:43  Medivac  
  124  6:49  Marine  
  124  6:51  Supply Depot  
  124  6:53  Barracks, Marine  
  124  6:54  SCV, Barracks x2  
  127  6:57  Marine x2  
  127  6:58  Siege Tank  
  127  7:01  SCV  
  133  7:03  Combat Shield  
  133  7:04  Marine  
  133  7:05  Marine x3  
  133  7:06  Marine  
  138  7:09  Marine  
  138  7:11  Marine  
  141  7:15  SCV x2  
  141  7:19  SCV  
  116  7:24  Marine x5  
  116  7:25  Marine  
  116  7:28  Terran Infantry Weapons Level 2  
  119  7:30  Siege Tank  
  119  7:32  Marine x2  
  119  7:34  Marine  
  123  7:38  SCV x2  
  123  7:39  SCV  
  123  7:42  Marine x2  
  129  7:49  Marine  
  129  7:50  SCV, Marine x3  
  136  7:54  Barracks Reactor, Refinery, Barracks Tech Lab  
  136  7:55  Marine, Barracks Reactor  
  136  7:58  Marine x2  
  134  8:01  Terran Infantry Armor Level 2  
  134  8:05  Missile Turret  
  136  8:06  Marine x2  
  136  8:07  Marine  
  136  8:08  Supply Depot  
  136  8:10  Missile Turret  
  136  8:12  Command Center  
  139  8:14  Marauder  
  139  8:15  Marine x2  
  139  8:16  Marine x2  
  145  8:20  Siege Tank  
  145  8:23  Marine x2  
  145  8:25  Supply Depot  
  145  8:26  Marine x2  
  145  8:27  Marine  
  151  8:31  Medivac  
  151  8:32  Supply Depot  
  151  8:33  Medivac, Marine  
  151  8:34  Marine x4  
  159  8:39  Marine x3  
  159  8:40  Marauder, Marine  
  159  8:41  Marine  
  161  8:53  Marine  
  162  8:55  Supply Depot  
  162  8:56  Supply Depot  
  162  8:57  Marine x3  
  162  8:59  Marine x3, Supply Depot  
  162  9:00  Marauder  
  162  9:01  Siege Tank  
  173  9:14  Marine x2  
  173  9:15  Marine x2  
  173  9:16  Medivac  
  173  9:17  Marauder  
  173  9:21  Marauder  
  158  9:28  Marine  
  158  9:29  Marine x3  
  139  9:32  Marine x4  
  139  9:33  Marine x3, Siege Tank  
  149  9:39  Marauder, Factory  
  149  9:41  SCV  
  149  9:42  SCV  
  149  9:43  Marauder  
  149  9:44  SCV  
  150  9:46  Medivac  
  150  9:47  Marine  
  150  9:50  Marine x4  
  155  9:54  SCV  
  155  9:56  Marine x2  
  158  10:00  Marauder  
  158  10:04  Marine  
  158  10:05  Marine x3, Siege Tank  
  144  10:07  Marine x2  
  144  10:08  Marauder, Marine  
  144  10:12  Planetary Fortress  
  149  10:19  Marine x2  
  151  10:23  Marine x2  
  151  10:25  Medivac  
  151  10:26  Sensor Tower, Factory Tech Lab  
  151  10:28  Marine x3  
  155  10:29  Marine  
  155  10:30  Marauder x2  
  155  10:31  Marine  
  164  10:40  Siege Tank  
  167  10:43  Marine x5  
  167  10:49  Marine  
  174  10:51  Marauder  
  174  10:52  Marauder, Marine x2  
  174  10:53  Marine  
  174  10:54  Siege Tank  
  174  10:56  Refinery  
  183  10:57  Concussive Shells  
  183  11:00  Marine  
  183  11:01  SCV x2, Marine  
  183  11:02  SCV, Refinery, Barracks Tech Lab  
  188  11:12  Marauder  
  188  11:14  Marine  
  188  11:17  Marauder, Marine  
  193  11:22  Command Center, Siege Tank  
  183  11:31  Siege Tank  
  183  11:32  Marauder, Marine x3  
  187  11:34  Marauder  
  187  11:35  Marine x2  
  187  11:38  Marine x2  
  187  11:39  Marine  
  184  11:47  Marine x2  
  184  11:48  Marauder  
  184  11:50  Marine  
  184  11:53  Marine x3  
  189  11:54  Siege Tank  
  183  12:02  Marauder  
  183  12:03  Siege Tank  
  183  12:06  Marine  
  159  12:10  Medivac  
  159  12:12  Marine x2  
  159  12:14  Marauder x2, Marine x2  
  150  12:16  Marine x5  
  150  12:20  SCV x2  
  157  12:23  Marine  
  157  12:25  SCV x2  
  157  12:26  Siege Tank  
  157  12:29  Medivac  
  155  12:30  Marine  
  155  12:31  Marine x2  
  155  12:35  Marauder, Siege Tank  
  155  12:36  Marauder  
  165  12:39  Marine x2  
  165  12:40  Marine x3  
  165  12:41  Marauder, Marine x2  
  165  12:44  Missile Turret  
  174  12:46  SCV  
  174  12:47  Marine  
Show
View Real Time Build Order
Export as new Build Order

Solar Zerg - Winner!

Build Orders: Hatch First, Lurkers 

Get SALT Encoding   

  12  0:00  Drone  
  13  0:12  Overlord  
  13  0:17  Drone  
  14  0:32  Drone x2  
  16  0:48  Hatchery  
  15  0:52  Drone  
  15  0:54  Drone  
  17  0:58  Drone  
  18  1:09  Extractor  
  17  1:14  Spawning Pool  
  17  1:16  Drone  
  17  1:19  Drone  
  18  1:28  Drone  
  19  1:39  Drone  
  20  1:52  Drone  
  21  2:00  Queen x2  
  25  2:01  Zergling x4  
  27  2:11  Overlord  
  27  2:12  Drone  
  28  2:21  Hatchery  
  27  2:23  Drone  
  28  2:30  Drone  
  28  2:33  Drone  
  28  2:36  Queen  
  32  2:45  Metabolic Boost  
  32  2:47  Overlord  
  32  2:50  Drone  
  33  2:53  Drone  
  33  2:55  Drone  
  33  2:58  Drone  
  36  3:07  Drone x2  
  36  3:09  Drone x3  
  41  3:15  Queen  
  41  3:19  Overlord  
  43  3:22  Drone  
  43  3:25  Pneumatized Carapace  
  44  3:31  Overlord  
  44  3:34  Queen  
  44  3:36  Drone  
  44  3:38  Drone  
  48  3:42  Drone x2  
  48  3:44  Drone  
  48  3:45  Drone  
  48  3:46  Drone  
  48  3:48  Drone  
  54  3:50  Zergling x2  
  54  3:54  Queen  
  57  3:56  Drone  
  57  3:58  Drone  
  57  4:01  Zergling x4  
  61  4:03  Drone  
  61  4:05  Overlord  
  61  4:08  Drone  
  63  4:11  Drone  
  63  4:13  Drone  
  65  4:17  Baneling Nest, Drone x2  
  65  4:20  Extractor  
  65  4:21  Extractor, Drone x2  
  65  4:22  Overlord  
  66  4:24  Drone x2  
  66  4:26  Drone  
  66  4:30  Evolution Chamber, Drone  
  69  4:32  Zergling x2  
  69  4:33  Drone  
  69  4:36  Drone  
  72  4:39  Drone  
  72  4:41  Lair  
  72  4:45  Drone x4  
  76  4:47  Overlord  
  76  4:48  Drone  
  76  4:49  Zergling x4  
  79  4:53  Overlord  
  79  4:55  Overlord  
  79  5:00  Zergling x2  
  79  5:01  Extractor  
  79  5:03  Drone  
  79  5:05  Zergling x6, Zerg Ground Armor Level 1  
  84  5:07  Drone  
  84  5:09  Overlord, Baneling x2  
  84  5:12  Baneling  
  84  5:14  Drone  
  84  5:16  Baneling  
  84  5:18  Drone  
  84  5:19  Overlord  
  84  5:20  Zergling x10  
  91  5:23  Baneling x2  
  91  5:24  Zergling x2  
  92  5:29  Drone  
  92  5:30  Zergling x2  
  92  5:31  Evolution Chamber  
  93  5:37  Zergling x2, Overlord  
  93  5:39  Centrifical Hooks  
  93  5:41  Zergling x4  
  96  5:44  Hatchery, Drone  
  96  5:45  Drone  
  96  5:46  Overlord  
  96  5:48  Zergling x4  
  99  5:51  Drone  
  99  5:52  Extractor, Drone x2  
  99  5:53  Baneling  
  99  5:55  Overlord  
  101  5:57  Zergling x6  
  101  6:01  Drone  
  101  6:03  Zergling x4  
  107  6:06  Zerg Melee Weapons Level 1  
  107  6:08  Baneling x2  
  107  6:11  Zergling x2  
  108  6:16  Drone x3  
  108  6:17  Drone x2  
  113  6:21  Zergling x4  
  113  6:23  Overlord  
  115  6:26  Hatchery  
  115  6:28  Zergling x8  
  115  6:32  Drone x2  
  120  6:35  Baneling x2  
  120  6:36  Overseer  
  120  6:40  Zergling x2  
  120  6:41  Zergling x2  
  120  6:43  Overlord  
  120  6:46  Baneling x4  
  122  6:52  Zergling x4  
  124  6:55  Drone  
  124  6:59  Zerg Ground Armor Level 2  
  124  7:00  Zergling x2  
  126  7:04  Zergling x18  
  126  7:08  Overlord  
  135  7:10  Baneling x3  
  135  7:11  Baneling x3  
  135  7:13  Baneling  
  135  7:17  Zergling x2  
  135  7:18  Zergling x2  
  135  7:19  Overlord  
  135  7:22  Hatchery  
  127  7:23  Drone  
  127  7:27  Drone  
  127  7:29  Drone  
  129  7:34  Hydralisk Den, Drone x9  
  129  7:36  Infestation Pit  
  135  7:39  Baneling x4  
  135  7:40  Zergling x4  
  135  7:41  Overlord  
  138  7:45  Overlord  
  138  7:48  Extractor  
  138  7:50  Zergling x4  
  139  7:55  Zergling x4  
  139  7:57  Hydralisk Den  
  140  8:03  Zergling x16  
  148  8:07  Drone  
  148  8:09  Queen  
  148  8:11  Zergling x10  
  148  8:12  Baneling x10  
  156  8:14  Hive, Zerg Melee Weapons Level 2  
  156  8:15  Zergling x8  
  156  8:16  Overlord  
  160  8:21  Zergling x2  
  160  8:22  Baneling x16  
  160  8:25  Overlord  
  160  8:27  Drone x2  
  163  8:30  Extractor  
  163  8:31  Hydralisk, Lurker Den  
  163  8:32  Zergling x2  
  163  8:33  Zergling x10  
  169  8:38  Zergling x10  
  169  8:40  Overlord  
  174  8:44  Baneling x8  
  163  8:48  Zergling x2  
  163  8:49  Zergling x10  
  163  8:50  Overlord  
  166  8:55  Hydralisk x3  
  166  8:56  Zergling x2  
  166  8:59  Baneling  
  166  9:00  Baneling x2  
  166  9:01  Drone  
  166  9:02  Drone x3  
  177  9:03  Zergling x6  
  177  9:08  Extractor  
  177  9:09  Zergling x12  
  185  9:15  Zergling x10  
  185  9:18  Zergling x2  
  185  9:21  Zergling x4  
  157  9:27  Zergling x4  
  157  9:31  Baneling x2  
  138  9:32  Zergling x12  
  138  9:34  Baneling x25  
  138  9:35  Zergling x8  
  148  9:39  Zergling x2  
  148  9:40  Zergling x8  
  148  9:44  Zergling x4  
  148  9:46  Zerg Missile Weapons Level 1  
  148  9:49  Viper  
  148  9:51  Hydralisk  
  148  9:52  Zergling x2  
  152  9:57  Hydralisk  
  152  9:58  Zergling x4, Grooved Spines  
  156  10:05  Zergling x18  
  150  10:07  Zergling x2  
  150  10:08  Zergling x6  
  150  10:10  Drone  
  150  10:11  Extractor  
  150  10:12  Zergling x4, Seismic Spines  
  150  10:13  Zergling x4  
  158  10:14  Adrenal Glands  
  158  10:15  Baneling x2  
  158  10:16  Drone  
  159  10:22  Zergling x8  
  159  10:23  Lurker  
  159  10:24  Lurker  
  159  10:26  Overlord  
  165  10:29  Drone, Spore Crawler  
  165  10:34  Zergling x10  
  170  10:37  Zerg Ground Armor Level 3  
  170  10:40  Zergling x12  
  170  10:42  Drone  
  177  10:51  Lurker x3  
  177  10:55  Lurker  
  181  11:00  Drone x2  
  181  11:05  Zergling x18  
  181  11:06  Zergling x10  
  181  11:07  Hatchery  
  181  11:08  Hydralisk x2  
  181  11:09  Zergling x2  
  191  11:18  Hydralisk x4  
  188  11:21  Zergling x4  
  188  11:22  Overlord  
  190  11:27  Hydralisk x2, Adaptive Talons  
  190  11:29  Baneling  
  190  11:30  Baneling x6  
  190  11:31  Zergling x2  
  188  11:33  Zergling x2  
  188  11:37  Lurker x2  
  189  11:41  Zergling x16  
  189  11:43  Overseer  
  189  11:45  Lurker  
  189  11:46  Lurker  
  184  11:48  Baneling  
  184  11:49  Baneling x5  
  184  11:51  Zergling x8  
  188  11:54  Zergling x6  
  188  12:01  Zergling x14  
  196  12:07  Hydralisk x2  
  196  12:08  Hydralisk x2  
  180  12:09  Zergling x2  
  180  12:12  Zergling x8  
  180  12:14  Zergling x2  
  180  12:15  Zergling x2  
  175  12:18  Lurker x4  
  175  12:19  Drone  
  179  12:23  Hydralisk x2  
  179  12:24  Hydralisk  
  179  12:25  Zergling x2  
  186  12:33  Zergling x10  
  186  12:35  Overlord  
  191  12:38  Baneling x3  
  191  12:42  Zergling x12  
  197  12:47  Zergling x4  
  199  12:53  Zergling x2  
  199  12:56  Zergling x2  
  199  12:57  Zergling x2  
  199  12:58  Zergling x4  
  180  13:00  Zergling x10  

Tags
 
Add a new tag
Caveats
  • Supply blocks, unpowered buildings, or Contaminate may cause inaccurate times.
  • Supply counts are checked every 10 seconds.